 Dungeon Crawl Stone Soup version 0.29.1-1-gd02db6906a (webtiles) character file.

Game seed: 17310246724099361789

81 KamiKatze the Trooper (level 4, -1/37 HPs)
             Began as a Palentonga Fighter on Oct 5, 2022.
             Slain by Grinder (5 damage)
             ... on level 3 of the Dungeon.
             The game lasted 00:05:45 (1612 turns).

KamiKatze the Trooper (Palentonga Fighter)          Turns: 1612, Time: 00:05:46

Health: -1/37      AC:  6    Str: 23    XL:     4   Next: 20%
Magic:  4/4        EV:  7    Int:  9    God:
Gold:   108        SH:  5    Dex:  9    Spells: 3/3 levels left

rFire   . . .      SeeInvis +   a - +0 war axe
rCold   . . .      Faith    .   c - +1 buckler
rNeg    . . .      Spirit   .   b - +0 scale mail
rPois   .          Reflect  .   (no helmet)
rElec   .          Harm     .   (no cloak)
rCorr   .          Rampage  .   (no gloves)
Will    .....                   (no barding)
Stlth   ..........              (no amulet)
HPRegen 0.12/turn               (no ring)
MPRegen 0.09/turn               (no ring)

@: mighty
A: large, rugged brown scales 3, see invisible, deformed body, roll 1, armoured
tail
a: Rolling Charge


You were on level 3 of the Dungeon.
You visited 1 branch of the dungeon, and saw 3 of its levels.

You collected 108 gold pieces.

Inventory:

Hand Weapons
 a - a +0 war axe (weapon)
Armour
 b - a +0 scale mail (worn)
 c - a +1 buckler (worn)
Scrolls
 e - a scroll of immolation
 f - a scroll of teleportation {unknown}
 h - a scroll of enchant armour
 l - a scroll of noise {unknown}
 m - a scroll of identify {unknown}
Potions
 g - a potion of invisibility {unknown}
 i - a potion of brilliance {unknown}
 j - a potion of haste {unknown}
 k - a potion of berserk rage {unknown}


   Skills:
 + Level 3.3 Fighting
 * Level 3.0 Axes
 + Level 2.7 Armour
 + Level 0.9 Dodging
 * Level 3.3 Shields


You had 3 spell levels left.
You didn't know any spells.
Your spell library was empty.

Dungeon Overview and Level Annotations

Branches:
Dungeon (3/15)

Altars:
Fedhas

Annotations:
D:3 3 runed translucent doors, exclusion: 3 doors, Grinder; TowerOfEmptiness's ghost, amateur MiFi


Innate Abilities, Weirdness & Mutations

You are completely covered in rugged brown scales. (AC +3, +7% HP)
You have supernaturally acute eyesight. (SInv)
Armour fits poorly on your strangely shaped body.
You can roll at nearby foes to attack.
You have a long armoured tail.


Message History

You closely miss Grinder. Grinder closely misses you.
You closely miss Grinder. Grinder hits you but does no damage.
Grinder grins, showing sharp teeth.
Grinder hits you.
You writhe in agony.
You slash Grinder!
Your tail-slap misses Grinder.
Grinder is moderately wounded.
Grinder hits you.
You writhe in agony.
You closely miss Grinder.
Your tail-slap misses Grinder.
Grinder is moderately wounded.
Grinder barely misses you.
You completely miss Grinder.
Your tail-slap misses Grinder.
Grinder is moderately wounded.
Grinder hits you.
* * * LOW HITPOINT WARNING * * *
Grinder hits you.
* * * LOW HITPOINT WARNING * * *
You writhe in agony.
* * * LOW HITPOINT WARNING * * *
You closely miss Grinder.
Grinder is moderately wounded.
You block Grinder's attack.
Unknown command.
You slice Grinder!!
Grinder is almost dead.
Grinder says, "Don't move a muscle."
Grinder gestures at you.
You suddenly lose the ability to move!
Grinder hits you!
* * * LOW HITPOINT WARNING * * *
You writhe in agony.
* * * LOW HITPOINT WARNING * * *
Grinder barely misses you.
You can move again.
You hit Grinder.
Grinder is almost dead.
You block Grinder's attack.
Unknown command.
You barely miss Grinder.
Grinder is almost dead.
Grinder hits you.
You die...

#.#.#.# #####.#
#.#### ### #....#
... #....# #.##
######...# #...##
#.......###.....#
##.########5......
###...#####.@..._...
#...#.......#.......
#.#...####.###.....#
#<##.## #... #...##
#.##.# ## ..##.##
#<##.# ....# #.##.#
## # #.##.# #.##.#


You could see Grinder.

Vanquished Creatures
  2 adders
  A worm (D:2)
  2 dart slugs (D:1)
  An orc (D:2)
  5 endoplasms
  2 giant cockroaches
  8 goblins
  6 hobgoblins
  4 quokkas
  7 ball pythons
  A frilled lizard (D:1)
  7 kobolds
  6 rats
52 creatures vanquished.

Notes
Turn   | Place    | Note
-------+----------+-------------------------------------------
     0 | D:1      | KamiKatze the Palentonga Fighter began the quest for the
                  | Orb.
     0 | D:1      | Reached XP level 1. HP: 19/19 MP: 1/1
   198 | D:1      | Reached XP level 2. HP: 24/25 MP: 2/2
   467 | D:1      | Reached XP level 3. HP: 22/31 MP: 3/3
   571 | D:1      | Found a faded altar of an unknown god.
  1364 | D:2      | Reached XP level 4. HP: 37/37 MP: 4/4
  1480 | D:3      | Found a runed translucent gate.
  1481 | D:3      | Found a runed translucent gate.
  1481 | D:3      | Noticed TowerOfEmptiness's ghost (amateur MiFi)
  1482 | D:3      | Found a runed translucent gate.
  1597 | D:3      | Found a blossoming altar of Fedhas.
  1597 | D:3      | Noticed Grinder
  1597 | D:3      | Paralysed by Grinder for 3 turns
  1609 | D:3      | Paralysed by Grinder for 2 turns
  1612 | D:3      | Slain by Grinder

Illustrated notes

Levels and vault maps discovered:
D:1:      spicycebolla_arrival_xxxplode, layout_basic,
          shapermc_ecumenical_altar_hornbeckon
D:2:      layout_basic
D:3:      layout_loops_ring, lemuel_round_altar,
          mainiacjoe_overflow_concentric_impassable, gammafunk_ghost_split,
          minmay_misc_feat_hallway, uniq_grinder

Skill      XL: |  1  2  3  4 |
---------------+-------------+-----
Shields        | 3 |  3.3
Axes           | 3 |  3.0
Fighting       | |  3.3
Armour         | |  2.7
Dodging        | |  0.9

Action                   |  1- 3 |  4- 6 || total
-------------------------+-------+-------++-------
Melee: War axe           |    97 |    19 ||   116
       Tailslap          |    10 |       ||    10
 Abil: Rolling Charge    |    33 |     3 ||    36
  Use: Scroll            |       |     2 ||     2
       Potion            |       |     1 ||     1
Armor: Scale mail        |    33 |     6 ||    39
Dodge: Dodged            |    25 |     7 ||    32
Block: Buckler           |    23 |     3 ||    26
